Map: Reclamation LE

Players

cheesetricks - Winner!

  • Race: Protoss Protoss
  • Spawn Location: 6:00

JeffPesos - Winner!

  • Race: Protoss Protoss
  • Spawn Location: 5:00

Ekelpack

  • Race: Zerg Zerg
  • Spawn Location: 12:00

Nyck

  • Race: Terran Terran
  • League: Silver
  • Spawn Location: 11:00

VOD

Have the link to the VOD?

Description

Time

  • Played on: Oct. 15, 2024, 1:06 p.m.
  • Length: 14:12
Show
View Real Time Build Order
Export as new Build Order

cheesetricks Protoss - Winner!

Build Orders: 1 Gate Expand 

Get SALT Encoding   

  12  0:00  Probe  
  13  0:14  Pylon  
  13  0:17  Probe  
  14  0:32  Gateway  
  14  0:35  Probe  
  15  0:45  Assimilator  
  15  0:47  Probe  
  16  1:08  Probe  
  17  1:21  Cybernetics Core  
  17  1:35  Nexus  
  17  1:43  Probe  
  18  2:02  Warp Gate  
  18  2:24  Stalker (Chrono Boost)  
  18  2:27  Probe  
  21  2:45  Probe  
  21  2:51  Zealot  
  24  2:55  Pylon  
  24  2:57  Robotics Facility  
  24  2:58  Gateway  
  24  2:59  Gateway  
  24  3:00  Pylon  
  24  3:02  Probe  
  25  3:14  Probe  
  26  3:26  Probe  
  27  3:27  Stalker  
  27  3:29  Probe  
  30  3:38  Probe  
  31  3:41  Gateway, Probe  
  32  3:58  Probe  
  33  4:05  Pylon  
  33  4:09  Warp Prism (Chrono Boost)  
  33  4:12  Probe  
  36  4:23  Shield Battery  
  36  4:24  Stalker x3  
  42  4:38  Stalker  
  42  4:40  Probe  
  45  4:47  Stalker  
  45  4:49  Zealot x2  
  45  4:51  Probe  
  52  4:55  Assimilator  
  52  5:05  Stalker  
  54  5:25  Stalker  
  56  5:29  Probe  
  56  5:30  Assimilator  
  55  5:52  Probe  
  55  5:58  Pylon  
  55  6:00  Pylon  
  55  6:08  Pylon  
  55  6:09  Forge  
  55  6:12  Nexus  
  55  6:16  Probe x2  
  57  6:20  Pylon  
  57  6:28  Robotics Bay  
  57  6:30  Sentry, Pylon  
  59  6:38  Observer  
  60  6:40  Protoss Ground Weapons Level 1 (Chrono Boost)  
  60  6:43  Pylon  
  60  6:46  Probe  
  61  6:58  Immortal (Chrono Boost)  
  65  7:02  Probe  
  65  7:08  Stalker x2  
  68  7:15  Probe x2  
  72  7:27  Probe  
  73  7:34  Shield Battery  
  71  7:45  Colossus (Chrono Boost)  
  71  7:48  Extended Thermal Lance (Chrono Boost)  
  77  7:52  Stalker x2  
  81  8:06  Probe x2  
  83  8:24  Stalker  
  83  8:25  Stalker x3  
  91  8:29  Probe x2, Colossus  
  93  8:37  Protoss Ground Armor Level 1 (Chrono Boost)  
  93  8:38  Probe  
  93  8:41  Probe x2  
  102  8:44  Assimilator  
  102  9:16  Stalker x4  
  108  9:19  Assimilator  
  108  9:23  Assimilator  
  108  9:33  Twilight Council  
  108  9:37  Immortal (Chrono Boost)  
  108  9:40  Gateway  
  108  9:42  Gateway  
  108  9:45  Zealot x2  
  116  9:51  Pylon  
  116  9:55  Pylon  
  116  10:01  Probe  
  116  10:06  Charge (Chrono Boost)  
  117  10:10  Forge  
  117  10:13  Immortal (Chrono Boost)  
  121  10:15  Zealot x3  
  121  10:17  Probe x2  
  121  10:19  Probe  
  130  10:26  Dark Shrine  
  130  10:29  Probe x2  
  132  10:50  Pylon  
  132  10:52  Pylon  
  128  11:23  Zealot, Stalker x3  
  128  11:24  Stalker x2  
  140  11:29  Warp Prism (Chrono Boost)  
  140  11:32  Protoss Ground Armor Level 2 (Chrono Boost)  
  142  11:41  Protoss Ground Weapons Level 2 (Chrono Boost)  
  142  11:50  Dark Templar x3  
  148  11:56  Pylon  
  148  11:58  Pylon  
  148  11:59  Pylon  
  148  12:00  Pylon  
  148  12:01  Gateway  
  148  12:02  Pylon  
  148  12:05  Gravitic Drive (Chrono Boost)  
  148  12:10  Observer  
  148  12:13  Pylon  
  148  12:14  Pylon  
  149  12:16  Pylon  
  149  12:31  Dark Templar x5  
  149  12:32  Dark Templar  
  155  13:01  Dark Templar  
  155  13:03  Zealot  
  155  13:04  Zealot x3  
  163  13:39  Dark Templar x4  
  163  13:40  Dark Templar x3  
  175  13:45  Archon  
  175  13:46  Nexus, Archon  
Show
View Real Time Build Order
Export as new Build Order

JeffPesos Protoss - Winner!

Build Orders:  

Get SALT Encoding   

  12  0:00  Probe  
  13  0:15  Pylon  
  13  0:17  Probe (Chrono Boost)  
  14  0:26  Probe (Chrono Boost)  
  15  0:36  Gateway  
  15  0:38  Probe  
  16  0:47  Assimilator  
  16  0:50  Probe  
  17  1:03  Probe  
  17  1:04  Assimilator  
  18  1:15  Probe  
  19  1:25  Forge  
  19  1:27  Probe  
  19  1:31  Cybernetics Core  
  20  1:43  Pylon  
  20  1:52  Probe  
  21  2:01  Photon Cannon  
  21  2:04  Photon Cannon  
  21  2:14  Photon Cannon  
  20  2:39  Probe  
  21  2:46  Warp Gate  
  21  2:47  Stalker  
  24  2:51  Probe  
  24  2:55  Pylon  
  24  3:00  Twilight Council  
  24  3:03  Probe  
  25  3:09  Gateway  
  25  3:15  Probe  
  26  3:45  Nexus  
  26  4:00  Pylon  
  26  4:20  Pylon  
  26  4:21  Probe  
  26  4:23  Charge  
  27  4:35  Gateway  
  27  4:40  Gateway  
  27  4:41  Probe  
  28  4:47  Gateway  
  28  4:53  Probe  
  29  5:02  Zealot x2  
  29  5:03  Protoss Ground Weapons Level 1 (Chrono Boost)  
  29  5:06  Probe (Chrono Boost)  
  34  5:12  Probe (Chrono Boost)  
  35  5:18  Probe (Chrono Boost)  
  37  5:23  Probe (Chrono Boost)  
  37  5:25  Zealot, Probe (Chrono Boost)  
  37  5:27  Probe (Chrono Boost)  
  41  5:46  Zealot x3  
  41  5:48  Pylon  
  41  5:49  Zealot  
  49  6:12  Probe  
  49  6:13  Probe  
  49  6:16  Zealot x4  
  49  6:18  Zealot  
  61  6:24  Probe  
  62  6:28  Pylon  
  62  6:31  Pylon  
  62  6:40  Assimilator  
  62  6:42  Assimilator  
  62  6:46  Probe x2  
  64  6:58  Probe x2  
  66  7:02  Protoss Ground Armor Level 1  
  66  7:08  Nexus  
  66  7:10  Probe x2  
  68  7:17  Zealot x3  
  76  7:22  Probe x2  
  76  7:35  Probe x2  
  78  7:45  Gateway  
  78  7:50  Gateway  
  78  7:52  Pylon  
  78  7:53  Pylon  
  78  7:56  Gateway  
  78  8:05  Stargate  
  78  8:10  Probe x2  
  80  8:22  Probe x2  
  82  8:34  Forge, Probe  
  82  8:36  Zealot  
  82  8:37  Zealot x4  
  87  9:14  Zealot x2  
  87  9:15  Zealot x6  
  103  9:19  Probe  
  103  9:20  Probe x2  
  103  9:23  Assimilator  
  106  9:24  Assimilator  
  106  9:26  Protoss Ground Armor Level 2, Protoss Ground Weapons Level 2  
  106  9:31  Probe  
  106  9:32  Fleet Beacon, Probe x2  
  106  9:37  Stargate  
  106  9:38  Stargate  
  109  9:50  Pylon  
  109  9:52  Pylon  
  109  9:53  Pylon  
  109  9:57  Pylon  
  109  10:00  Pylon  
  109  10:07  Nexus  
  109  10:10  Probe  
  109  10:11  Pylon  
  109  10:12  Pylon  
  110  10:19  Robotics Facility  
  110  10:20  Robotics Facility  
  110  10:21  Probe x2  
  112  10:22  Probe  
  112  10:23  Zealot x4, Pylon  
  121  10:33  Probe x2  
  109  11:12  Zealot  
  109  11:13  Zealot x7  
  110  11:47  Probe x3  
  110  11:49  Probe  
  110  11:50  Zealot x6  
  110  11:51  Zealot x2  
  129  11:58  Immortal  
  129  11:59  Probe x3, Immortal  
  129  12:01  Probe  
  141  12:11  Probe x2  
  141  12:15  Unknown  
  143  12:18  Photon Cannon  
  143  12:20  Photon Cannon  
  143  12:21  Photon Cannon  
  143  12:23  Photon Cannon x2  
  143  12:24  Shield Battery, Zealot  
  143  12:25  Zealot x4  
  143  12:27  Shield Battery  
  143  12:29  Shield Battery  
  153  12:30  Photon Cannon  
  153  12:32  Pylon  
  153  12:39  Immortal x2  
  161  12:45  Robotics Facility  
  161  12:50  Robotics Facility  
  161  12:52  Robotics Facility  
  161  12:59  Robotics Bay  
  161  13:07  Probe x3  
  164  13:18  Observer  
  165  13:37  Pylon  
  165  13:38  Pylon  
  165  13:39  Pylon  
  185  13:41  Nexus  
  185  13:44  Pylon  
  185  13:46  Pylon  
Show
View Real Time Build Order
Export as new Build Order

Ekelpack Zerg 

Build Orders: Hatch First 

Get SALT Encoding   

  12  0:00  Drone  
  13  0:12  Overlord  
  13  0:17  Drone  
  14  0:31  Drone x2  
  16  0:49  Hatchery  
  15  0:52  Drone  
  16  1:07  Spawning Pool  
  16  1:09  Drone  
  16  1:14  Drone  
  16  1:18  Drone  
  18  1:25  Drone  
  19  1:33  Extractor  
  19  1:37  Overlord  
  18  1:43  Drone  
  19  1:55  Queen  
  21  2:17  Roach Warren  
  21  2:20  Drone x2, Evolution Chamber  
  21  2:21  Drone  
  22  2:24  Extractor  
  21  2:41  Drone  
  22  2:46  Zerg Missile Weapons Level 1  
  22  2:48  Overlord  
  22  2:59  Roach  
  24  3:08  Zergling x2, Roach  
  24  3:09  Roach x2  
  31  3:19  Roach  
  33  3:30  Lair  
  33  3:33  Overlord  
  33  3:41  Roach  
  35  3:57  Roach x2  
  35  3:58  Roach x2  
  43  4:07  Overlord  
  43  4:31  Hydralisk Den  
  43  4:35  Drone x3  
  45  4:51  Zerg Missile Weapons Level 2  
  45  5:02  Hydralisk x2  
  45  5:04  Overlord  
  49  5:09  Overseer  
  49  5:15  Hydralisk  
  49  5:16  Overlord  
  48  5:56  Hydralisk  
  48  5:57  Hydralisk x3  
  56  6:07  Queen  
  56  6:09  Hatchery  
  57  6:20  Grooved Spines  
  57  6:59  Roach x4  
  57  7:00  Roach  
  67  7:07  Zerg Ground Armor Level 1  
  67  7:17  Drone x2  
  69  7:24  Drone  
  69  7:25  Overlord  
  70  7:53  Muscular Augments  
  70  7:55  Overlord x2  
  70  7:56  Hydralisk x4  
  78  8:02  Extractor  
  78  8:04  Extractor  
  78  8:05  Drone  
  77  8:27  Drone x5  
  77  8:28  Drone x3  
  85  8:42  Drone x3  
  88  8:58  Infestation Pit  
  87  9:24  Drone x3  
  87  9:25  Zerg Ground Armor Level 2  
  90  9:48  Overlord x2  
  90  10:00  Hatchery  
  90  10:03  Hive  
  89  10:41  Overlord  
  89  10:43  Hydralisk x2  
  89  10:44  Hydralisk x7  
  89  10:45  Overlord  
  59  11:37  Ultralisk Cavern  
  58  12:24  Ultralisk x2  
  58  12:25  Ultralisk x5  
  100  12:32  Ultralisk  
  100  12:36  Overseer  
  90  13:28  Ultralisk x2  
Show
View Real Time Build Order
Export as new Build Order

Nyck Terran 

Build Orders: 2 Factory 

Get SALT Encoding   

  12  0:00  SCV  
  13  0:12  SCV  
  14  0:18  Supply Depot  
  14  0:24  SCV  
  15  0:40  SCV  
  15  0:42  Barracks  
  16  0:47  Refinery  
  16  0:52  SCV  
  17  1:05  Supply Depot  
  17  1:06  SCV  
  18  1:16  Barracks  
  18  1:22  SCV  
  19  1:36  Orbital Command  
  19  1:41  Reaper, Refinery  
  20  2:11  Factory  
  20  2:34  SCV  
  21  2:39  Reaper  
  21  2:41  Reaper  
  23  2:46  SCV  
  23  2:49  Command Center  
  24  2:56  Factory Tech Lab  
  24  3:01  Factory  
  24  3:07  SCV  
  25  3:13  Reaper  
  26  3:26  Supply Depot  
  26  3:27  Siege Tank  
  26  3:28  SCV  
  26  3:34  Reaper  
  31  3:46  Factory Tech Lab  
  31  4:07  Siege Tank  
  34  4:24  SCV  
  34  4:26  Orbital Command  
  34  4:28  Command Center  
  34  4:30  Siege Tank  
  38  4:52  SCV x2  
  40  4:56  Siege Tank  
  40  4:58  Reaper  
  44  5:12  SCV  
  44  5:13  SCV  
  46  5:33  Engineering Bay  
  44  5:44  SCV x2  
  46  5:56  Orbital Command  
  46  6:29  SCV x2  
  48  6:41  SCV x2  
  48  6:42  Engineering Bay  
  48  6:46  Armory  
  50  6:48  Siege Tank  
  50  6:49  Siege Tank  
  50  6:53  SCV x2  
  59  7:08  SCV x2  
  59  7:13  Planetary Fortress  
  60  7:20  SCV x2  
  60  7:22  Reaper x2  
  64  7:23  Siege Tank  
  68  7:48  Missile Turret  
  68  7:50  Missile Turret  
  68  7:52  Missile Turret  
  66  8:02  SCV x3  
  68  8:07  Reaper  
  68  8:10  Reaper  
  67  8:14  SCV x2  
  67  8:15  Thor  
  67  8:16  SCV  
  67  8:17  Supply Depot  
  76  8:28  SCV  
  77  8:35  Refinery  
  77  8:36  Refinery  
  77  8:39  Supply Depot, SCV x2  
  77  8:40  SCV  
  80  8:44  Terran Vehicle And Ship Armor Level 1  
  80  8:45  Terran Infantry Weapons Level 1  
  80  8:49  Armory  
  80  8:51  SCV  
  80  8:52  SCV  
  82  9:03  Supply Depot  
  78  9:25  SCV x2  
  80  9:37  SCV x2  
  82  9:43  Command Center  
  82  9:45  Command Center  
  82  9:49  SCV x2  
  82  9:51  Terran Ship Weapons Level 1  
  84  9:55  Supply Depot  
  84  10:01  SCV x2  
  86  10:09  Starport  
  86  10:12  Starport  
  86  10:13  Starport  
  86  10:14  Starport  
  86  10:17  SCV x2  
  86  10:18  Supply Depot  
  88  10:39  SCV x2  
  88  10:41  Supply Depot  
  90  10:44  Terran Vehicle And Ship Armor Level 2  
  90  10:50  Refinery  
  90  10:51  Refinery  
  90  11:03  Supply Depot  
  58  11:15  SCV x2  
  60  11:27  Supply Depot  
  60  11:50  Supply Depot  
  60  11:57  Starport Tech Lab x4  
  60  12:04  Fusion Core  
  60  12:08  Supply Depot  
  60  12:10  Supply Depot  
  61  12:15  SCV x2  
  62  12:31  Supply Depot  
  41  12:58  Battlecruiser  
  41  13:02  Battlecruiser  
Tags
 
Add a new tag
Caveats
  • Supply blocks, unpowered buildings, or Contaminate may cause inaccurate times.
  • Supply counts are checked every 10 seconds.